| TOP OF THE 1ST |
|
Orlando Devil Rays batting - Pitching for Cleveland Spiders : LHP Juan Nieves
|
|
Pitching: LHP Juan Nieves
|
|
|
Batting: RHB Craig Biggio
|
0-0: Foul Ball, location: 2F 0-1: Ball 1-1: Ball 2-1: Ball 3-1: Base on Balls
|
|
Batting: RHB Brian Jordan
|
0-0: Ball 1-0: Called Strike 1-1: Ball 2-1: Foul Ball, location: 2F 2-2: Foul Ball, location: 2F 2-2: Foul Ball, location: 2F 2-2: Ball 3-2: Foul Ball, location: 2F 3-2: Strikes out swinging
|
|
Batting: RHB Jeff Bagwell
|
0-0: Ball 1-0: Called Strike 1-1: Ball 2-1: Foul Ball, location: 2F 2-2: Ball 3-2: Foul Ball, location: 2F 3-2: Foul Ball, location: 2F 3-2: Strikes out swinging Craig Biggio steals 2nd base Batter strikes out.
|
|
Batting: RHB Ron Gant
|
0-0: Ball 1-0: Ball 2-0: Called Strike 2-1: Foul Ball, location: 2F 2-2: Ball 3-2: Foul Ball, location: 2F 3-2: Strikes out swinging
|
| Top of the 1st over - 0 runs, 0 hits, 0 errors, 1 left on base; Orlando 0 - Cleveland 0 |
| BOTTOM OF THE 1ST |
|
Cleveland Spiders batting - Pitching for Orlando Devil Rays : RHP Alan Benes
|
|
Pitching: RHP Alan Benes
|
|
|
Batting: LHB Darryl Strawberry
|
0-0: Fly out, F6 (Line Drive, 6, EV 70.0 MPH)
|
|
Batting: SHB Tomas Perez
|
0-0: Ball 1-0: Called Strike 1-1: Ball 2-1: Ground out U3 (Groundball, 3, EV 106.3 MPH)
|
|
Batting: RHB Kevin Mitchell
|
0-0: Called Strike 0-1: Fly out, F8 (Flyball, 8RXD, EV 86.9 MPH)
|
| Bottom of the 1st over - 0 runs, 0 hits, 0 errors, 0 left on base; Orlando 0 - Cleveland 0 |
| TOP OF THE 2ND |
|
Orlando Devil Rays batting - Pitching for Cleveland Spiders : LHP Juan Nieves
|
|
Batting: RHB Tim Salmon
|
0-0: Ball 1-0: Ball 2-0: Foul Ball, location: 2F 2-1: Ground out 1-3 (Groundball, 34S, EV 90.6 MPH)
|
|
Batting: RHB Ivan Rodriguez
|
0-0: Fly out, F7 (Flyball, 7D, EV 101.3 MPH)
|
|
Batting: LHB Paul O'Neill
|
0-0: Fly out, F3 (Line Drive, 3, EV 74.4 MPH)
|
| Top of the 2nd over - 0 runs, 0 hits, 0 errors, 0 left on base; Orlando 0 - Cleveland 0 |
| BOTTOM OF THE 2ND |
|
Cleveland Spiders batting - Pitching for Orlando Devil Rays : RHP Alan Benes
|
|
Batting: SHB Todd Hundley
|
0-0: Ball 1-0: Foul Ball, location: 2F 1-1: Foul Ball, location: 2F 1-2: SINGLE (Line Drive, 6M, EV 99.4 MPH)
|
|
Batting: LHB Raul Ibanez
|
0-0: Ball 1-0: DOUBLE (Flyball, 89XD, EV 106.3 MPH) Todd Hundley to third Runner from 3rd tries for Home, SAFE, throw by CF to trailing runner, SAFE at third!
|
|
Batting: SHB Howard Johnson
|
0-0: Ball 1-0: Fly out, F8 (Flyball, 8RXD, EV 87.5 MPH) Runner from 3rd tags up, SCORES, no throw by CF
|
|
Batting: RHB Bernard Gilkey
|
0-0: Ground out 6-3 (Groundball, 6, EV 81.3 MPH)
|
|
Batting: RHB Marquis Grissom
|
0-0: Swinging Strike 0-1: Swinging Strike 0-2: Strikes out looking
|
| Bottom of the 2nd over - 2 runs, 2 hits, 0 errors, 0 left on base; Orlando 0 - Cleveland 2 |
| TOP OF THE 3RD |
|
Orlando Devil Rays batting - Pitching for Cleveland Spiders : LHP Juan Nieves
|
|
Batting: SHB Jose Valentin
|
0-0: Ball 1-0: Foul Ball, location: 2F 1-1: Called Strike 1-2: Foul Ball, location: 2F 1-2: Strikes out looking
|
|
Batting: SHB Jose Oquendo
|
0-0: Called Strike 0-1: Ball 1-1: Foul Ball, location: 2F 1-2: Ball 2-2: Strikes out swinging
|
|
Batting: RHB Craig Biggio
|
0-0: Foul Ball, location: 2F 0-1: Foul Ball, location: 2F 0-2: Ball 1-2: Fly out, F6 (Line Drive, 6, EV 74.4 MPH)
|
| Top of the 3rd over - 0 runs, 0 hits, 0 errors, 0 left on base; Orlando 0 - Cleveland 2 |
| BOTTOM OF THE 3RD |
|
Cleveland Spiders batting - Pitching for Orlando Devil Rays : RHP Alan Benes
|
|
Batting: RHB Billy Ripken
|
0-0: Ball 1-0: Ball 2-0: Ball 3-0: Called Strike 3-1: SINGLE (Groundball, 4MD, EV 96.3 MPH)
|
|
Batting: LHB Darryl Strawberry
|
0-0: Ball 1-0: Called Strike 1-1: Called Strike 1-2: Ball 2-2: Foul Ball, location: 2F 2-2: Strikes out looking
|
|
Batting: SHB Tomas Perez
|
0-0: Ball 1-0: Called Strike 1-1: Foul Ball, location: 2F 1-2: Grounds into double play, 6-4-3 (Groundball, 6, EV 84.4 MPH)
|
| Bottom of the 3rd over - 0 runs, 1 hit, 0 errors, 0 left on base; Orlando 0 - Cleveland 2 |
| TOP OF THE 4TH |
|
Orlando Devil Rays batting - Pitching for Cleveland Spiders : LHP Juan Nieves
|
|
Batting: RHB Brian Jordan
|
0-0: Ball 1-0: Ball 2-0: SINGLE (Groundball, 56D, EV 102.5 MPH)
|
|
Batting: RHB Jeff Bagwell
|
0-0: Ball 1-0: Called Strike 1-1: Foul Ball, location: 2F 1-2: Foul Ball, location: 2F 1-2: Ball 2-2: Ball 3-2: Strikes out looking Brian Jordan is caught stealing 2nd base 2-4 Batter strikes out.
|
|
Batting: RHB Ron Gant
|
0-0: Foul Ball, location: 2F 0-1: Ball 1-1: Ball 2-1: Ball 3-1: Base on Balls
|
|
Batting: RHB Tim Salmon
|
0-0: Called Strike Ron Gant steals 2nd base (no throw) 0-1: Foul Ball, location: 2F 0-2: Ball 1-2: Foul Ball, location: 2F 1-2: Ball 2-2: DOUBLE (Line Drive, 7LS, EV 101.9 MPH) Ron Gant scores
|
|
Batting: RHB Ivan Rodriguez
|
0-0: Ball 1-0: Called Strike 1-1: Ball 2-1: Ball 3-1: Foul Ball, location: 2F 3-2: Base on Balls
|
|
Batting: LHB Paul O'Neill
|
0-0: Ball 1-0: Ball 2-0: Foul Ball, location: 2F 2-1: Foul Ball, location: 2F 2-2: Ball 3-2: Base on Balls Tim Salmon to third Ivan Rodriguez to second
|
|
Batting: SHB Jose Valentin
|
0-0: Ball 1-0: Foul Ball, location: 2F 1-1: Ball 2-1: Ball 3-1: Called Strike 3-2: Foul Ball, location: 2F 3-2: Foul Ball, location: 2F 3-2: Foul Ball, location: 2F 3-2: Ground out 6-3 (Groundball, 56, EV 87.5 MPH)
|
| Top of the 4th over - 1 run, 2 hits, 0 errors, 3 left on base; Orlando 1 - Cleveland 2 |
| BOTTOM OF THE 4TH |
|
Cleveland Spiders batting - Pitching for Orlando Devil Rays : RHP Alan Benes
|
|
Batting: RHB Kevin Mitchell
|
0-0: Ball 1-0: Ball 2-0: DOUBLE (Line Drive, 9LS, EV 96.9 MPH)
|
|
Batting: SHB Todd Hundley
|
0-0: Ball 1-0: Ball 2-0: Foul Ball, location: 2F 2-1: Foul Ball, location: 2F 2-2: Ball 3-2: Foul Ball, location: 2F 3-2: Strikes out looking
|
|
Batting: LHB Raul Ibanez
|
0-0: Called Strike 0-1: Ball 1-1: Ball 2-1: Ball 3-1: Swinging Strike 3-2: Strikes out swinging
|
|
Batting: SHB Howard Johnson
|
0-0: Foul Ball, location: 2F 0-1: Ball 1-1: Swinging Strike 1-2: Strikes out swinging
|
| Bottom of the 4th over - 0 runs, 1 hit, 0 errors, 1 left on base; Orlando 1 - Cleveland 2 |
| TOP OF THE 5TH |
|
Orlando Devil Rays batting - Pitching for Cleveland Spiders : LHP Juan Nieves
|
|
Batting: SHB Jose Oquendo
|
0-0: SINGLE (Groundball, 34D, EV 107.5 MPH)
|
|
Batting: RHB Craig Biggio
|
0-0: Ball Jose Oquendo is caught stealing 2nd base 2-4 1-0: Foul Ball, location: 2F 1-1: Ball 2-1: Ball 3-1: Base on Balls
|
|
Batting: RHB Brian Jordan
|
0-0: Ball 1-0: Swinging Strike 1-1: Fielders Choice at 2nd, 1-4 (Groundball, P, EV 91.9 MPH)
|
|
Batting: RHB Jeff Bagwell
|
0-0: Swinging Strike 0-1: Foul Ball, location: 2F 0-2: Fly out, F7 (Flyball, 7S, EV 65.0 MPH)
|
| Top of the 5th over - 0 runs, 1 hit, 0 errors, 1 left on base; Orlando 1 - Cleveland 2 |
| BOTTOM OF THE 5TH |
|
Cleveland Spiders batting - Pitching for Orlando Devil Rays : RHP Alan Benes
|
|
Batting: RHB Bernard Gilkey
|
0-0: Ball 1-0: Called Strike 1-1: Ball 2-1: Ground out 4-3 (Groundball, 34, EV 81.3 MPH)
|
|
Batting: RHB Marquis Grissom
|
0-0: Bunt missed! 0-1: SINGLE (Line Drive, 3D, EV 95.0 MPH)
|
|
Batting: RHB Billy Ripken
|
0-0: Swinging Strike 0-1: Ball 1-1: Foul Ball, location: 2F 1-2: Strikes out swinging
|
|
Batting: LHB Darryl Strawberry
|
0-0: Called Strike Marquis Grissom steals 2nd base 0-1: Foul Ball, location: 2F 0-2: Ball 1-2: Strikes out swinging
|
| Bottom of the 5th over - 0 runs, 1 hit, 0 errors, 1 left on base; Orlando 1 - Cleveland 2 |
| TOP OF THE 6TH |
|
Orlando Devil Rays batting - Pitching for Cleveland Spiders : LHP Juan Nieves
|
|
Batting: RHB Ron Gant
|
0-0: Foul Ball, location: 2F 0-1: Ball 1-1: Called Strike 1-2: Foul Ball, location: 2F 1-2: Ground out 5-3 (Groundball, 56S, EV 84.4 MPH)
|
|
Batting: RHB Tim Salmon
|
0-0: Ball 1-0: Ground out 5-3 (Groundball, 56S, EV 70.6 MPH)
|
|
Batting: RHB Ivan Rodriguez
|
0-0: Foul Ball, location: 2F 0-1: Swinging Strike 0-2: Ball 1-2: Foul Ball, location: 2F 1-2: Strikes out swinging
|
| Top of the 6th over - 0 runs, 0 hits, 0 errors, 0 left on base; Orlando 1 - Cleveland 2 |
| BOTTOM OF THE 6TH |
|
Cleveland Spiders batting - Pitching for Orlando Devil Rays : RHP Alan Benes
|
|
Batting: SHB Tomas Perez
|
0-0: Fly out, F8 (Line Drive, 8RD, EV 106.9 MPH)
|
|
Batting: RHB Kevin Mitchell
|
0-0: Ball 1-0: Called Strike 1-1: SINGLE (Line Drive, 3D, EV 96.3 MPH)
|
|
Batting: SHB Todd Hundley
|
0-0: Called Strike 0-1: 2-RUN HOME RUN (Flyball, 7D, EV 108.8 MPH), Distance : 372 ft
|
|
Batting: LHB Raul Ibanez
|
0-0: Ball 1-0: Ball 2-0: Ball 3-0: Called Strike 3-1: Swinging Strike 3-2: Base on Balls
|
|
Batting: SHB Howard Johnson
|
0-0: Ball 1-0: Foul Ball, location: 2F 1-1: Fly out, F8 (Flyball, 89M, EV 78.8 MPH)
|
|
Batting: RHB Bernard Gilkey
|
0-0: Ball 1-0: Ball 2-0: Ground out 4-3 (Groundball, 4S, EV 82.5 MPH)
|
| Bottom of the 6th over - 2 runs, 2 hits, 0 errors, 1 left on base; Orlando 1 - Cleveland 4 |
| TOP OF THE 7TH |
|
Orlando Devil Rays batting - Pitching for Cleveland Spiders : LHP Juan Nieves
|
|
Batting: LHB Paul O'Neill
|
0-0: Foul Ball, location: 2F 0-1: Ground out 1-3 (Groundball, 34S, EV 86.9 MPH)
|
|
Batting: SHB Jose Valentin
|
0-0: Ball 1-0: Foul Ball, location: 2F 1-1: SINGLE (Line Drive, 5D, EV 110.0 MPH)
|
|
Pitching: RHP Willie Banks
|
|
|
Batting: SHB Jose Oquendo
|
0-0: Foul Ball, location: 2F 0-1: Ball 1-1: Called Strike Jose Valentin steals 2nd base 1-2: Ball 2-2: Ball 3-2: Ground out 6-3 (Groundball, 6, EV 88.1 MPH)
|
|
Batting: RHB Craig Biggio
|
0-0: Swinging Strike 0-1: Swinging Strike 0-2: Ball 1-2: Foul Ball, location: 2F 1-2: Strikes out looking
|
| Top of the 7th over - 0 runs, 1 hit, 0 errors, 1 left on base; Orlando 1 - Cleveland 4 |
| BOTTOM OF THE 7TH |
|
Cleveland Spiders batting - Pitching for Orlando Devil Rays : RHP Alan Benes
|
|
Batting: RHB Marquis Grissom
|
0-0: Ball 1-0: SINGLE (Groundball, P, EV 64.4 MPH) (infield hit)
|
|
Batting: RHB Billy Ripken
|
0-0: Foul Ball, location: 2F 0-1: Fly out, F9 (Flyball, 89D, EV 83.8 MPH)
|
|
Pitching: RHP Toby Borland
|
|
|
Batting: LHB Darryl Strawberry
|
0-0: Called Strike 0-1: Ball 1-1: Ball 2-1: Called Strike Marquis Grissom steals 2nd base Pickoff Throw to Second - Error! E1 Marquis Grissom to third 2-2: Ball 3-2: Fly out, F8 (Flyball, 8RXD, EV 91.3 MPH) Runner from 3rd tags up, SCORES, no throw by CF
|
|
Batting: SHB Tomas Perez
|
0-0: Called Strike 0-1: Foul Ball, location: 2F 0-2: Foul Ball, location: 2F 0-2: Foul Ball, location: 2F 0-2: Fly out, F8 (Flyball, 8RM, EV 89.4 MPH)
|
| Bottom of the 7th over - 1 run, 1 hit, 1 error, 0 left on base; Orlando 1 - Cleveland 5 |
| TOP OF THE 8TH |
|
Orlando Devil Rays batting - Pitching for Cleveland Spiders : RHP Willie Banks
|
|
Batting: RHB Brian Jordan
|
0-0: Foul Ball, location: 2F 0-1: Called Strike 0-2: Strikes out looking
|
|
Batting: RHB Jeff Bagwell
|
0-0: Called Strike 0-1: Foul Ball, location: 2F 0-2: Strikes out swinging
|
|
Batting: RHB Ron Gant
|
0-0: Ball 1-0: Swinging Strike 1-1: Called Strike 1-2: Strikes out swinging
|
| Top of the 8th over - 0 runs, 0 hits, 0 errors, 0 left on base; Orlando 1 - Cleveland 5 |
| BOTTOM OF THE 8TH |
|
Cleveland Spiders batting - Pitching for Orlando Devil Rays : RHP Toby Borland
|
|
Batting: RHB Kevin Mitchell
|
0-0: Called Strike 0-1: Ball 1-1: Ball 2-1: Ball 3-1: Base on Balls
|
|
Batting: SHB Todd Hundley
|
0-0: Ball 1-0: Foul Ball, location: 2F 1-1: Called Strike 1-2: Ball 2-2: Foul Ball, location: 2F 2-2: Foul Ball, location: 2F 2-2: 2-RUN HOME RUN (Flyball, 7LD, EV 106.9 MPH), Distance : 337 ft
|
|
Batting: LHB Raul Ibanez
|
0-0: Ball 1-0: Foul Ball, location: 2F 1-1: Ball 2-1: Foul Ball, location: 2F 2-2: Fly out, F9 (Flyball, 9, EV 87.5 MPH)
|
|
Batting: SHB Howard Johnson
|
0-0: Foul Ball, location: 2F 0-1: Called Strike 0-2: Ball 1-2: Ball 2-2: Foul Ball, location: 2F 2-2: Foul Ball, location: 2F 2-2: Strikes out swinging
|
|
Batting: RHB Bernard Gilkey
|
0-0: Ball 1-0: Foul Ball, location: 2F 1-1: Foul Ball, location: 2F 1-2: Foul Ball, location: 2F 1-2: Ball 2-2: Ball 3-2: Strikes out swinging
|
| Bottom of the 8th over - 2 runs, 1 hit, 0 errors, 0 left on base; Orlando 1 - Cleveland 7 |
| TOP OF THE 9TH |
|
Orlando Devil Rays batting - Pitching for Cleveland Spiders : RHP Willie Banks
|
|
Batting: RHB Tim Salmon
|
0-0: Ball 1-0: Called Strike 1-1: Swinging Strike 1-2: Ball 2-2: Ball 3-2: Foul Ball, location: 2F 3-2: DOUBLE (Flyball, 8LXD, EV 98.8 MPH)
|
|
Batting: RHB Ivan Rodriguez
|
0-0: Ground out 5-3 (Groundball, 56S, EV 68.8 MPH) Tim Salmon to third
|
|
Batting: LHB Paul O'Neill
|
0-0: Ball 1-0: Ball 2-0: Ball 3-0: Called Strike 3-1: Base on Balls
|
|
Batting: SHB Jose Valentin
|
0-0: Called Strike 0-1: Ball 1-1: Swinging Strike 1-2: Strikes out looking
|
|
Batting: SHB Jose Oquendo
|
0-0: Ball 1-0: Swinging Strike 1-1: Called Strike 1-2: Foul Ball, location: 2F 1-2: Foul Ball, location: 2F 1-2: Strikes out swinging
|
| Top of the 9th over - 0 runs, 1 hit, 0 errors, 2 left on base; Orlando 1 - Cleveland 7 |
|